 Dungeon Crawl Stone Soup version 0.29.1-15-g9cfb28693d (webtiles) character file.

Game seed: 14729362636319462977

616 Silentwoe the Ducker (level 7, -11/30 HPs)
             Began as a Felid Warper on Feb 26, 2023.
             Was a Believer of Uskayaw.
             Mangled by a wight
             ... wielding a +2 halberd
              (15 damage)
             ... on level 7 of the Dungeon on Feb 27, 2023.
             The game lasted 01:02:01 (10664 turns).

Silentwoe the Ducker (Felid Warper)                Turns: 10664, Time: 01:02:02

Health: -11/30     AC:  2    Str:  7    XL:     7   Next: 21%
Magic:  11/11      EV: 44    Int: 14    God:    Uskayaw [**....]
Gold:   333        SH:  0    Dex: 18    Spells: 10/10 levels left
                                        Lives:  0   Deaths: 2

rFire   . . .      SeeInvis +     - Unarmed
rCold   . . .      Faith    .   (shield unavailable)
rNeg    . . .      Spirit   .   (body armour unavailable)
rPois   .          Reflect  .   (helmet unavailable)
rElec   .          Harm     .   (cloak unavailable)
rCorr   .          Rampage  .   (gloves unavailable)
Will    +....                   (boots unavailable)
Stlth   +++.......              e - amulet of the acrobat
HPRegen 0.10/turn               f - +4 ring of evasion
MPRegen 0.12/turn               y - +4 ring of evasion

@: acrobatic, quick
A: very small, claws 1, fangs 3, see invisible, speed 1, shaggy fur 2, stealthy
paws, no weapons or thrown items, no armour, multi-lived
a: Renounce Religion, Stomp, Line Pass


You were on level 7 of the Dungeon.
You worshipped Uskayaw.
Uskayaw was noncommittal.
You visited 2 branches of the dungeon, and saw 8 of its levels.

You collected 333 gold pieces.

Inventory:

Hand Weapons
 A - a +2 trident of venom
Armour
 c - an orb of wrath
Magical Staves
 n - a staff of conjuration
 v - a staff of death
Jewellery
 e - an amulet of the acrobat (around neck)
 f - a +4 ring of evasion (left paw)
 m - a ring of poison resistance
 u - an amulet of faith
 x - a +6 ring of intelligence
 y - a +4 ring of evasion (right paw)
Wands
 o - a wand of polymorph (5)
 r - a wand of paralysis (5)
 z - a wand of digging (4)
Scrolls
 a - a scroll of summoning {unknown}
 d - 4 scrolls of identify
 h - a scroll of poison {unknown}
 i - 2 scrolls of teleportation
 j - 2 scrolls of enchant armour {unknown}
 p - a scroll of fog
 q - 2 scrolls of immolation {unknown}
 s - a scroll of silence {unknown}
 t - 3 scrolls of fear
 B - a scroll of amnesia {unknown}
Potions
 b - a potion of heal wounds {unknown}
 g - a potion of haste {unknown}
 k - 2 potions of resistance {unknown}
 l - 4 potions of curing
 w - a potion of ambrosia {unknown}


   Skills:
 + Level 2.8 Fighting
 + Level 7.0 Dodging
 + Level 4.9 Stealth
 + Level 7.0 Unarmed Combat
 + Level 2.2 Spellcasting
 + Level 5.3 Translocations


You had 10 spell levels left.
You didn't know any spells.
Your spell library contained the following spells:

 Spells                   Type           Power      Damage    Failure   Level
 Blink                    Tloc           32%        N/A       3%          2
 Gell's Gravitas          Tloc           16%        N/A       8%          3
 Lesser Beckoning         Tloc           16%        N/A       8%          3
 Teleport Other           Tloc           16%        N/A       8%          3
 Poisonous Vapours        Pois/Air       2%         N/A       34%         2
 Sublimation of Blood     Necr           1%         N/A       34%         2
 Wereblood                Tmut           1%         N/A       34%         2
 Manifold Assault         Tloc           16%        N/A       56%         5
 Corpse Rot               Necr/Pois/Air  1%         N/A       93%         4
 Summon Hydra             Summ           0%         N/A       100%        7


Dungeon Overview and Level Annotations

Branches:
Dungeon (7/15)             Temple (1/1) D:6

Altars:
Cheibriados
Dithmenos
Fedhas
Hepliaklqana
Kikubaaqudgha
Makhleb
Nemelex Xobeh
Okawaru
Uskayaw
Vehumet
Wu Jian
Yredelemnul
Zin
The Shining One

Shops:
D:4 ::

Annotations:
D:3 exclusion: oklob plant
D:6 2 transporters, BiteMe's ghost, novice DsFE
D:7 Menkaure


Innate Abilities, Weirdness & Mutations

You have sharp claws.
You have razor-sharp teeth.
You have supernaturally acute eyesight. (SInv)
You cover ground quickly. (Speed+)
You are covered in thick fur. (AC +2)
Your paws help you pounce on unaware monsters.
You are incapable of wielding weapons or throwing items.
You cannot wear armour.
You gain extra lives every three experience levels.


Message History

A howler monkey comes into view.
The wight completely misses you. x2
The wight misses you. The wight completely misses you. The wight misses you.
You claw the wight!
The wight is heavily damaged.
Unknown command.
Unknown command.
You scratch the wight but do no damage. Your claw misses the wight.
The wight is heavily damaged.
The wight completely misses you. The wight misses you.
You scratch the wight but do no damage.
The wight is heavily damaged.
The wight closely misses you. x2
You scratch the wight.
The wight is heavily damaged.
The wight misses you.
The wight hits you with a +0 short sword.
You closely miss the wight. You bite the wight, but do no damage.
The wight is heavily damaged.
The wight hits you with a +0 short sword!
The wight completely misses you.
You scratch the wight.
The wight is almost destroyed.
The wight misses you. x2
You can now pass through a line of other dancers.
You scratch the wight but do no damage.
The wight is almost destroyed.
The wight completely misses you. x2
You barely miss the wight.
The wight is almost destroyed.
You claw the wight!
You destroy the wight!
The wight hits you from afar with a +2 halberd!
* * * LOW HITPOINT WARNING * * *
Your Dodging skill increases to level 7!
Your Unarmed Combat skill increases to level 7!
The wight hits you from afar with a +2 halberd!
Ouch! That really hurt!
You die...

#h ####...# #...
#..##..##.####..o####
#..zz......'.....†.(#
##.##...z..########?# #
####.........#..#
#.z.#####.#.## #.
#.#####.........>...
#.##.#..zzz...####.#.##
####.##.#@####...# #.#.#
........#....#...####.#.#
.......#....#...#.....<#
..........#...#.##.###
#.#.....#.#...# #.
########.#.^.........# #
#................#......#
##.######.#.#............#
#...# #.#.#..............


You could see 3 wights.

Vanquished Creatures
  Grinder (D:6)
  Eustachio (D:6)
  An orc warrior (D:7)
  2 necrophages
  2 scorpions
  A wight (D:7)
  A hound (D:5)
  A jelly (D:2)
  4 iguanas
  An orc wizard (D:6)
  3 gnolls
  9 adders
  A white imp (D:5)
  A dart slug (D:4)
  10 orcs
  10 ball pythons
  2 endoplasms (D:3)
  2 giant cockroaches
  3 goblins (D:2)
  7 hobgoblins
  8 jackals (D:1)
  6 kobolds
  4 quokkas
  3 bats
  A frilled lizard (D:2)
  3 rats
88 creatures vanquished.

Vanquished Creatures (others)
  4 fungi (D:3)
  12 plants
  15 toadstools (D:3)
31 creatures vanquished.

Grand Total: 119 creatures vanquished

Notes
Turn   | Place    | Note
-------+----------+-------------------------------------------
     0 | D:1      | Silentwoe the Felid Warper began the quest for the Orb.
     0 | D:1      | Reached XP level 1. HP: 9/9 MP: 4/4
   456 | D:1      | Reached XP level 2. HP: 13/13 MP: 6/6
  1039 | D:1      | Reached skill level 5 in Translocations
  1142 | D:1      | Found a faded altar of an unknown god.
  1675 | D:1      | Prayed at the altar of an unknown god.
  1675 | D:1      | Became a worshipper of Uskayaw the Reveller
  1675 | D:1      | Reached * piety under Uskayaw
  1705 | D:2      | Reached ** piety under Uskayaw
  1707 | D:2      | Reached XP level 3. HP: 7/16 MP: 7/7
  1988 | D:1      | Reached XP level 4. HP: 6/19 MP: 8/8
  2495 | D:2      | Noticed an ogre
  2930 | D:3      | Found a blossoming altar of Fedhas.
  4415 | D:3      | Noticed an oklob plant
  4794 | D:3      | Killed from afar by an oklob plant
  4795 | D:3      | Reached XP level 3. HP: -8/16 MP: 7/7
  5699 | D:4      | Reached XP level 4. HP: 20/20 MP: 8/8
  5790 | D:4      | Noticed a necrophage
  5806 | D:4      | Reached *** piety under Uskayaw
  5807 | D:4      | Killed a necrophage
  5808 | D:4      | Reached skill level 1 in Stealth
  5871 | D:4      | Found a burning altar of Makhleb.
  5881 | D:4      | Reached XP level 5. HP: 17/23 MP: 9/9
  5988 | D:4      | Found Plog's Tremendous Tomes.
  6143 | D:4      | Found Kalouh's Book Shop.
  6533 | D:4      | Found an ancient bone altar of Kikubaaqudgha.
  6930 | D:5      | Entered Level 5 of the Dungeon
  7636 | D:5      | Reached skill level 5 in Unarmed Combat
  7636 | D:5      | Gained mutation: You are covered in thick fur. (AC +2)
                  | [Felid growth]
  7636 | D:5      | Reached XP level 6. HP: 11/27 MP: 10/10
  7931 | D:5      | HP: 1/27 [white imp/puff of frost (11)]
  8229 | D:5      | Reached skill level 5 in Dodging
  9308 | D:6      | Found a transporter.
  9501 | D:6      | Noticed BiteMe's ghost (novice DsFE)
  9707 | D:6      | Found a transporter.
  9757 | D:6      | Noticed Eustachio
  9774 | D:6      | Killed Eustachio
  9775 | D:6      | Reached XP level 7. HP: 30/30 MP: 11/11
  9829 | D:6      | Noticed Grinder
  9851 | D:6      | Killed Grinder
 10045 | D:6      | Found a staircase to the Ecumenical Temple.
 10183 | Temple   | Entered the Ecumenical Temple
 10370 | D:7      | Noticed Menkaure
 10386 | D:7      | Mangled by an orc warrior
 10387 | D:7      | Reached XP level 6. HP: -7/27 MP: 10/10
 10458 | D:7      | Killed an orc warrior
 10459 | D:7      | Reached XP level 7. HP: 22/30 MP: 11/11
 10664 | D:7      | Mangled by a wight

Illustrated notes

Levels and vault maps discovered:
D:1:      matt_arrival_los_fun, layout_loops_ring,
          dreamdust_ecumenical_altar_angels_and_demons
D:2:      layout_rooms, kennysheep_generic_room_11
D:3:      layout_loops_corners, tgw_fedhas
D:4:      layout_basic, mainiacjoe_overflow_big_doors, serial_shops, shop,
          serial_bayou_lagoon_a, amcnicky_mini_pool_small,
          nicolae_shop_i_like_big_books
D:5:      layout_cave_pools, minmay_misc_feat_chi,
          minmay_misc_feat_more_columns, kennysheep_doodads
D:6:      layout_basic, temple_pool_b, gammafunk_ghost_gnarly_gnolls,
          grunt_ministairs_10, uniq_grinder, uniq_eustachio
D:7:      layout_basic, elyvilon_altar_1, uniq_menkaure
Temple:   eino_temple_rhombus

Skill      XL: |  1  2  3  4  5  6  7 |
---------------+----------------------+-----
Translocations | 5 |  5.3
Unarmed Combat | 3 4 5 6 7 |  7.0
Dodging        | 4 5 7 |  7.0
Stealth        | 1 2 3 4 |  4.9
Fighting       | |  2.8
Spellcasting   | |  2.2

Action                   |  1- 3 |  4- 6 |  7- 9 || total
-------------------------+-------+-------+-------++-------
Melee: Unarmed           |   114 |   291 |    41 ||   446
       Bite              |     5 |    30 |     6 ||    41
       Punch             |     3 |     8 |     1 ||    12
  Use: Scroll            |       |     4 |     1 ||     5
 Stab: Sleeping          |     1 |     5 |     3 ||     9
       Paralysed         |       |     3 |       ||     3
       Distracted        |       |       |     1 ||     1
Armor: Skin              |     2 |     7 |     1 ||    10
Dodge: Dodged            |   111 |   277 |    34 ||   422
